 Dungeon Crawl Stone Soup version 0.31-a0-229-g1fc7ce93e2 (webtiles) character file.

Game seed: 14043864634571643035

72 qw the Shooter (level 4, 0/36 HPs)
             Began as a Minotaur Hexslinger on July 6, 2023.
             Slain by Pargi (3 damage)
             ... on level 3 of the Dungeon.
             The game lasted 00:00:44 (1468 turns).

qw the Shooter (Minotaur Hexslinger)                Turns: 1468, Time: 00:00:45

Health: 0/36       AC:  5    Str: 12    XL:     4   Next: 7%
Magic:  4/4        EV: 11    Int: 10    God:
Gold:   58         SH:  0    Dex: 15    Spells: 4/5 levels left

rFire   . . .        Y - +1 sling (flame)
rCold   . . .        (no shield)
rNeg    . . .        l - +0 ring mail
rPois   .            (helmet restricted)
rElec   .            (no cloak)
rCorr   .            (no gloves)
SInv    +            (no boots)
Will    .....        (no amulet)
Stlth   +            d - ring of see invisible
HPRegen 0.26/turn    (no ring)
MPRegen 0.09/turn

%: no passive effects
@: about to teleport
A: horns 2, retaliatory headbutt
a: no special abilities


You were on level 3 of the Dungeon.
You visited 1 branch of the dungeon, and saw 3 of its levels.

You collected 58 gold pieces.


Innate Abilities, Weirdness & Mutations

You have a pair of horns on your head.
You reflexively headbutt those who attack you in melee.


   Skills:
 - Level 2.0 Fighting
 + Level 4.4 Ranged Weapons
 - Level 1.0 Armour
 - Level 2.1 Dodging
 - Level 1.0 Spellcasting
 - Level 2.0 Hexes


You had 4 spell levels left.
You knew the following spells:

 Your Spells              Type           Power      Damage    Failure   Level
a - Slow                  Hex            16%        N/A       34%         1

Your spell library contained the following spells:

 Spells                   Type           Power      Damage    Failure   Level
 Inner Flame              Hex/Fire       2%         N/A       83%         3
 Portal Projectile        Hex/Tloc       4%         N/A       83%         3
 Cause Fear               Hex            2%         N/A       98%         4

Inventory:

Hand Weapons
 Y - a +1 sling of flaming (weapon)
Armour
 l - a +0 ring mail (worn)
Jewellery
 d - a ring of see invisible (left hand)
Scrolls
 h - a scroll of identify
Potions
 f - 2 potions of curing
 g - a potion of heal wounds {unknown}
 i - a potion of invisibility {unknown}

Dungeon Overview and Level Annotations

Branches:
Dungeon (3/15)

Altars:

Annotations:
D:3 Pargi


Message History

The sling bullet burns Pargi.
Pargi is heavily wounded.
Pargi bites you! Pargi barely misses you. Pargi closely misses you.
You shoot a sling bullet. The sling bullet hits Pargi.
The sling bullet burns Pargi.
Pargi is severely wounded.
Pargi closely misses you. Pargi barely misses you. Pargi completely misses you.
Pargi bites you. Pargi claws you but does no damage. x2
You shoot a sling bullet. The sling bullet barely misses Pargi.
Pargi bites you. Pargi closely misses you. Pargi claws you but does no damage.
You shoot a sling bullet. The sling bullet closely misses Pargi.
Pargi bites you but does no damage. Pargi completely misses you.
Pargi claws you.
You shoot a sling bullet. The sling bullet hits Pargi.
The sling bullet burns Pargi.
Pargi is heavily wounded.
Pargi barely misses you. You furiously retaliate!
You headbutt Pargi. Pargi closely misses you. Pargi barely misses you.
Pargi bites you. Pargi claws you. x2
You shoot a sling bullet. The sling bullet closely misses Pargi.
Pargi bites you. Pargi claws you but does no damage. Pargi closely misses you.
You shoot a sling bullet.
The sling bullet hits Pargi but does no damage.
Pargi is severely wounded.
Pargi bites you. Pargi barely misses you. Pargi claws you but does no damage.
1466 ||| READING scroll of teleportation.
As you read the scroll of teleportation, it crumbles to dust.
You feel strangely unstable.
Pargi snarls, "Go!
Away!"
Pargi bites you but does no damage. Pargi claws you but does no damage.
Pargi claws you.
You shoot a sling bullet. The sling bullet hits Pargi.
The sling bullet burns Pargi.
Pargi is severely wounded.
Pargi closely misses you. Pargi misses you. Pargi barely misses you.
You shoot a sling bullet. The sling bullet hits Pargi.
The sling bullet burns Pargi.
Pargi is severely wounded.
Pargi barely misses you. Pargi claws you.
You die...

#########.(..####
#<)....).%........
#########(......##
###.....#.#
#.......# #
#.#..##..#
###....# ..8#
#####...##...>...
.......@# .......
###.##.T# ##8..8
#. #..# #..# ..
%.$. ... # [...#
.....# #......
#......


You could see Pargi.

Vanquished Creatures
  2 worms (D:2)
  3 dart slugs (D:2)
  7 endoplasms
  4 goblins
  6 hobgoblins
  4 jackals (D:1)
  4 quokkas
  6 ball pythons
  8 bats
  2 frilled lizards (D:2)
  5 kobolds
  3 rats
54 creatures vanquished.

Notes
Turn   | Place    | Note
-------+----------+-------------------------------------------
     0 | D:1      | qw the Minotaur Hexslinger began the quest for the Orb.
     0 | D:1      | Reached XP level 1. HP: 16/16 MP: 1/1
     0 | D:1      | 0 ||| qw: Version: 0.3-a-46-gb1f654a
     0 | D:1      | 0 ||| qw: Game counter: 1429
     0 | D:1      | 0 ||| qw: Melee chars always use a shield: true
     0 | D:1      | 0 ||| qw: God list: Okawaru
     0 | D:1      | 0 ||| qw: Allow faded altars: false
     0 | D:1      | 0 ||| qw: Do Orc after clearing Dungeon:15 true
     0 | D:1      | 0 ||| qw: Do second Lair branch before Depths: true
     0 | D:1      | 0 ||| qw: Lair rune preference: random
     0 | D:1      | 0 ||| qw: Goals: Normal
     0 | D:1      | 0 ||| PLANNING D:1-11
   226 | D:1      | Reached skill level 3 in Ranged Weapons
   236 | D:1      | Reached XP level 2. HP: 23/23 MP: 2/2
   661 | D:1      | Reached XP level 3. HP: 29/29 MP: 3/3
   807 | D:1      | 807 ||| UPGRADING to +0 leather armour.
   817 | D:1      | 817 ||| DROPPING +0 robe.
   818 | D:1      | 818 ||| UPGRADING to +0 ring mail.
   828 | D:1      | 828 ||| DROPPING +0 leather armour.
   829 | D:1      | 829 ||| READING scroll labelled QIMUPS APOWAESK.
   833 | D:1      | 833 ||| READING 2 scrolls labelled ETOR ITEAZUPH.
   834 | D:1      | 834 ||| READING 3 scrolls labelled EMAJIU WUDAM.
   835 | D:1      | 835 ||| READING 2 scrolls of brand weapon.
   835 | D:1      | 835 ||| BRANDING +1 sling of freezing.
   836 | D:1      | 836 ||| READING scroll of brand weapon.
   836 | D:1      | 836 ||| BRANDING +1 sling of draining.
   837 | D:1      | 837 ||| DRINKING 2 brown potions.
   838 | D:1      | 838 ||| DRINKING 2 murky cyan potions.
   839 | D:1      | 839 ||| DROPPING scroll of poison.
   840 | D:1      | 840 ||| DROPPING potion of attraction.
   972 | D:2      | Reached skill level 4 in Ranged Weapons
  1098 | D:2      | 1098 ||| Stepping ~*~*~tactically~*~*~ (outnumbered).
  1100 | D:2      | 1100 ||| FLEEEEING.
  1101 | D:2      | 1101 ||| FLEEEEING.
  1102 | D:2      | 1102 ||| FLEEEEING.
  1103 | D:2      | 1103 ||| FLEEEEING.
  1105 | D:2      | 1105 ||| FLEEEEING.
  1106 | D:2      | 1106 ||| FLEEEEING.
  1107 | D:2      | 1107 ||| FLEEEEING.
  1108 | D:2      | 1108 ||| FLEEEEING.
  1111 | D:2      | 1111 ||| Stepping ~*~*~tactically~*~*~ (outnumbered).
  1113 | D:2      | Reached skill level 1 in Armour
  1287 | D:2      | 1287 ||| UPGRADING to ring of see invisible.
  1288 | D:2      | 1288 ||| READING scroll labelled YMAEMABRIQ.
  1289 | D:2      | 1289 ||| READING 2 scrolls of identify.
  1289 | D:2      | 1289 ||| IDENTIFYING blue potion
  1290 | D:2      | 1290 ||| DROPPING potion of magic.
  1323 | D:3      | 1323 ||| FLEEEEING.
  1324 | D:3      | 1324 ||| FLEEEEING.
  1325 | D:3      | 1325 ||| FLEEEEING.
  1326 | D:3      | 1326 ||| FLEEEEING.
  1327 | D:3      | 1327 ||| FLEEEEING.
  1328 | D:3      | 1328 ||| FLEEEEING.
  1329 | D:3      | 1329 ||| FLEEEEING.
  1330 | D:3      | 1330 ||| STAIRDANCE
  1389 | D:3      | Reached XP level 4. HP: 36/36 MP: 4/4
  1393 | D:3      | 1393 ||| FLEEEEING.
  1394 | D:3      | 1394 ||| FLEEEEING.
  1395 | D:3      | 1395 ||| STAIRDANCE
  1453 | D:3      | Noticed Pargi
  1465 | D:3      | HP: 6/36 [Pargi (5)]
  1466 | D:3      | 1466 ||| READING scroll of teleportation.
  1466 | D:3      | HP: 2/36 [Pargi (4)]
  1468 | D:3      | Slain by Pargi

Levels and vault maps discovered:
D:1:      dpeg_arrival_arbitrary_b, layout_loops_ring, minmay_misc_feat_columns,
          minivault_27
D:2:      layout_basic, grunt_ministairs_11
D:3:      layout_basic, mainiacjoe_overflow_tiny_flanked,
          nzn_hepliaklqana_mist_gate, wad_floor_pattern_untrapped, st_stairs_6,
          uniq_jessica, uniq_terence, uniq_crazy_yiuf_cottage, uniq_natasha,
          uniq_grinder, uniq_pargi

Skill      XL: |  1  2  3 |
---------------+----------+-----
Ranged Weapons | 3 4 |  4.4
Fighting       | 2 |  2.0
Armour         | 1 |  1.0
Dodging        | |  2.1
Spellcasting   | |  1.0
Hexes          | |  2.0

Action                     |  1- 3 |  4- 6 || total
---------------------------+-------+-------++-------
   Fire: Sling             |   135 |    21 ||   156
    Use: Scroll            |     7 |     1 ||     8
         Potion            |     2 |       ||     2
 Armour: Robe              |    13 |       ||    13
         Ring mail         |    10 |    10 ||    20
  Dodge: Dodged            |    44 |    20 ||    64

Table legend:
 A = Non-vault XP
 B = Vault XP
 C = Vault XP percentage of total XP
 D = Non-vault monster count
 E = Vault monster count
 F = Vault count percentage of total count
                 A         B        C        D         E       F
            +---------+---------+-------+---------+---------+-------
      Total |      95 |       9 |   8.7 |      49 |       5 |   9.3
            +---------+---------+-------+---------+---------+-------
        D:1 |      43 |       0 |   0.0 |      25 |       0 |   0.0
        D:2 |      40 |       4 |   9.1 |      17 |       2 |  10.5
        D:3 |      12 |       5 |  29.4 |       7 |       3 |  30.0
            +---------+---------+-------+---------+---------+-------
